 Dungeon Crawl Stone Soup version 0.31-a0-43-g46d131a48f (webtiles) character file.

Game seed: 4629984087581861832

16486 Dirtsage the Cleaver (level 12, -3/148 HPs)
             Began as a Demonspawn Berserker on May 19, 2023.
             Was an Elder of Trog.
             Slain by a raiju (8 damage)
             ... on level 2 of the Abyss.
             The game lasted 00:31:03 (9873 turns).

Dirtsage the Cleaver (Demonspawn Berserker)         Turns: 9873, Time: 00:31:03

Health: -3/148     AC: 16    Str: 27    XL:     12   Next: 10%
Magic:  12/12      EV:  9    Int:  9    God:    Trog [****..]
Gold:   288        SH:  4    Dex: 14    Spells: 11/11 levels left

rFire   . . .        d - +1 broad axe (flame)
rCold   . . .        (no shield)
rNeg    . . .        w - +0 chain mail of Onlij {rF+ Will+ Stlth+}
rPois   +            p - +1 helmet "Efozyb Ahimm" {rPois rF- SInv}
rElec   .            q - +2 cloak {Will+}
rCorr   .            (no gloves)
SInv    +            (no boots)
Will    ++++.        (no amulet)
Stlth   x              - ring of flight
HPRegen 1.00/turn    k - +6 ring of strength
MPRegen 0.13/turn

%: no passive effects
@: berserking, strong-willed, sick, flying, regenerating, very quick
A: hooves 1, large bone plates 1, ignite blood 1, powered by death 2
a: Renounce Religion, Berserk, Trog's Hand, Brothers in Arms


You were on level 2 of the Abyss.
You worshipped Trog.
Trog was greatly pleased with you.
You visited 2 branches of the dungeon, and saw 12 of its levels.
You visited the Abyss 2 times.
You also visited: Bailey.

You collected 681 gold pieces.
You spent 393 gold pieces at shops.

Inventory:

Hand Weapons
 a - a +0 war axe of freezing
 d - a +1 broad axe of flaming (weapon)
 v - a +1 war axe of distortion
 L - a +2 heavy hand axe
Armour
 m - a +1 helmet
 p - the +1 helmet "Efozyb Ahimm" (worn) {rPois rF- SInv}
   (You found it on level 2 of the Dungeon)

   rF:        It makes you vulnerable to fire.
   rPois:     It protects you from poison.
   SInv:      It lets you see invisible.
 q - a +2 cloak of willpower (worn)
 w - the +0 chain mail of Onlij (worn) {rF+ Will+ Stlth+}
   (You found it on level 5 of the Dungeon)

   rF:        It protects you from fire.
   Will:      It increases your willpower.
   Stlth:     It makes you more stealthy.
 G - a +3 plate armour of cold resistance
Jewellery
 j - a ring of magical power
 k - a +6 ring of strength (right hand)
 x - a ring of flight (left hand)
 y - a ring of fire
 C - a ring of resist corrosion
 D - an amulet of magic regeneration
 F - a ring of protection from fire
Wands
 r - a wand of flame (20)
 M - a wand of roots (8)
Scrolls
 f - 2 scrolls of amnesia
 i - 3 scrolls of identify
 o - 2 scrolls of magic mapping
 s - a scroll of enchant armour {unknown}
 t - 3 scrolls of teleportation
 u - a scroll of acquirement {unknown}
 B - 2 scrolls of blinking
 J - a scroll of brand weapon {unknown}
 K - 2 scrolls of fog
Potions
 b - a potion of lignification {unknown}
 c - 2 potions of curing {unknown}
 e - 2 potions of attraction
 g - 2 potions of berserk rage {unknown}
 h - 4 potions of haste
 l - 3 potions of heal wounds
 n - 4 potions of magic {unknown}
 z - a potion of degeneration {unknown}
 A - 2 potions of brilliance {unknown}
 H - a potion of mutation {unknown}
 I - 2 potions of ambrosia
Miscellaneous
 E - a condenser vane


   Skills:
 * Level 10.6 Fighting
 + Level 13.1 Axes
 + Level 6.7 Armour
 - Level 1.7 Dodging
 + Level 7.0 Evocations


You had 11 spell levels left.
You didn't know any spells.
Your spell library contained the following spells:

 Spells                   Type           Power      Damage    Failure   Level
 Kiss of Death            Conj/Necr      0%         2d5       86%         1
 Static Discharge         Conj/Air       0%         2-2/arc   95%         2
 Confusing Touch          Hex            0%         N/A       99%         3
 Frozen Ramparts          Ice            0%         1d1       99%         3
 Airstrike                Air            0%         2d(0-16)  100%        4
 Dispel Undead            Necr           0%         3d6       100%        4
 Ice Form                 Ice/Tmut       0%         N/A       100%        4
 Summon Ice Beast         Ice/Summ       0%         N/A       100%        4
 Summon Lightning Spire   Summ/Air       0%         N/A       100%        4


Dungeon Overview and Level Annotations

Branches:
Dungeon (11/15)            Temple (1/1) D:6             Orc (0/2) D:10
 Bailey (visited)
   Lair: D:8-11

Altars:
Ashenzari
Cheibriados
Dithmenos
Fedhas
Gozag
Hepliaklqana
Kikubaaqudgha
Makhleb
Nemelex Xobeh
Okawaru
Qazlal
Ru
Sif Muna
Trog
Uskayaw
Vehumet
Wu Jian
Xom
Yredelemnul

Shops:
D:1 ((*   D:3 ((!

Annotations:
D:11 Sonja


Innate Abilities, Weirdness & Mutations

You have large cloven feet.
You are partially covered in large bone plates. (SH +4)
Your demonic aura sometimes causes spilled blood to erupt in flames.
You regenerate health from kills.


Message History

You kill the raiju!
Trog accepts your kill.
Your life force feels restored.
Your Evocations skill increases to level 7!
A raiju comes into view.
The raiju barks!
The raiju bites you!
* * * LOW HITPOINT WARNING * * *
The raiju shocks you!
* * * LOW HITPOINT WARNING * * *
The raiju bites you but does no damage.
You take 14 damage, and have 9/148 hp.
You slash the raiju! You burn the raiju. Your kick misses the raiju.
The raiju is lightly wounded.
You slash the raiju! You burn the raiju.
You hear a bark!
You hit the raiju. You burn the raiju. You kick the raiju.
The raiju is moderately wounded.
You slash the raiju! You burn the raiju.
The raiju bites you but does no damage. The raiju completely misses you.
A raiju comes into view.
An iron imp comes into view.
You closely miss the raiju. You kick the raiju!
The raiju is heavily wounded.
You slash the raiju! You burn the raiju.
You kill the raiju!
Trog accepts your kill. The raiju bites you but does no damage.
You completely miss the raiju. Your kick misses the raiju.
The raiju is heavily wounded.
You barely miss the raiju. You miss the raiju.
The raiju is heavily wounded.
You hit the raiju. You burn the raiju.
The raiju bites you but does no damage. x2
You slice the raiju!! You burn the raiju.
You kill the raiju!
Trog accepts your kill.
You slash the raiju! You burn the raiju. The raiju bites you!
* * * LOW HITPOINT WARNING * * *
The raiju shocks you!
You die...

# #..#.##.## #
##..#.# # # ..
#..## # ##. #
..## #.. #
....#. ####.#
...#
#...####...#
##..# #
........#.## #
#.#.#..........
##@##.#.###
#h..#.#.#
..#5##.# .
#.##.##. # #
... .....# .##
.#. # # #


You could see a raiju and an iron imp.

Vanquished Creatures
  Erica (D:11)
  3 two-headed ogres
  2 glowing orange brains (Abyss:2)
  An ugly thing (D:10)
  Joseph (D:10)
  A gargoyle (D:10)
  2 unseen horrors (D:11)
  A kobold demonologist (D:10)
  2 ancient zymes (Abyss:2)
  Prince Ribbit (D:9)
  4 raiju (Abyss:2)
  A small abomination (Abyss:2)
  19 yaks
  A vampire (Bailey)
  2 wraiths
  2 steam dragons
  6 orc warriors
  3 ice beasts (D:6)
  2 sky beasts
  3 ogres
  A naga skeleton (Abyss:2)
  6 centaurs
  2 kobold brigands
  3 bullfrogs
  A gnoll sergeant (D:10)
  6 scorpions
  6 wights
  6 killer bees (D:9)
  5 howler monkeys
  6 vampire bats (Bailey)
  2 wolf zombies (Bailey)
  2 hounds (D:5)
  3 jellies
  Crazy Yiuf (D:2)
  2 gnoll boudas
  7 orc priests
  6 iguanas
  An iron imp (D:3)
  4 starcursed masses (Abyss:2)
  Terence (D:2)
  7 orc wizards
  2 sleepcaps (D:7)
  Robin (D:2)
  15 adders
  12 gnolls
  4 ufetubi
  3 worms
  A dart slug (D:2)
  41 orcs
  4 ball pythons
  5 bats
  8 endoplasms
  3 giant cockroaches
  9 goblins
  11 hobgoblins
  8 jackals
  4 quokkas
  4 frilled lizards
  10 kobolds
  15 orc zombies (Bailey)
  4 rats (D:1)
300 creatures vanquished.

Vanquished Creatures (collateral kills)
  A smoke demon (D:8)
1 creature vanquished.

Grand Total: 301 creatures vanquished

Notes
Turn   | Place    | Note
-------+----------+-------------------------------------------
     0 | D:1      | Dirtsage the Demonspawn Berserker began the quest for the
                  | Orb.
     0 | D:1      | Reached XP level 1. HP: 18/18 MP: 1/1
    82 | D:1      | Reached skill level 3 in Axes
    86 | D:1      | Found Gupnosah's Weapon Emporium.
   116 | D:1      | Gained mutation: You have large cloven feet. [demonic
                  | ancestry]
   116 | D:1      | Reached XP level 2. HP: 23/24 MP: 2/2
   119 | D:1      | Found Ban Quori's Assorted Antiques.
   544 | D:1      | Found Weluxko's Weapon Emporium.
   922 | D:2      | Noticed Robin
   932 | D:2      | Reached XP level 3. HP: 29/29 MP: 3/3
   932 | D:2      | Killed Robin
   933 | D:2      | Reached skill level 4 in Axes
   936 | D:2      | Reached ** piety under Trog
  1120 | D:2      | Reached XP level 4. HP: 33/35 MP: 4/4
  1176 | D:2      | Identified the +1 helmet "Efozyb Ahimm" {rPois rF- SInv}
  1195 | D:2      | Noticed Terence
  1201 | D:2      | Killed Terence
  1368 | D:2      | Reached skill level 5 in Axes
  1608 | D:2      | Found a runed translucent door.
  1609 | D:2      | Noticed Crazy Yiuf
  1618 | D:2      | Killed Crazy Yiuf
  1619 | D:2      | Reached XP level 5. HP: 35/41 MP: 5/5
  1674 | D:3      | You fall into a shaft and drop 3 floors!
  1738 | D:6      | Noticed an ice beast
  1744 | D:6      | Killed an ice beast
  1745 | D:6      | Reached skill level 6 in Axes
  1916 | D:6      | Reached XP level 6. HP: 47/47 MP: 6/6
  2247 | D:6      | Found a hide-covered altar of Uskayaw.
  2259 | D:5      | Entered Level 5 of the Dungeon
  2261 | D:5      | Reached skill level 7 in Axes
  2345 | D:5      | Gained mutation: You regenerate a little health from kills.
                  | [demonic ancestry]
  2345 | D:5      | Reached XP level 7. HP: 51/52 MP: 7/7
  2680 | D:3      | Found a faded altar of an unknown god.
  2761 | D:3      | Found Delipp's Antique Weapon Emporium.
  2774 | D:3      | Bought a glowing war axe for 149 gold pieces
  2789 | D:3      | Reached *** piety under Trog
  2810 | D:3      | Found Sail's Antique Weapon Shoppe.
  2812 | D:3      | Identified the +11 short sword "Hiesirul" {protect, rElec
                  | rF- Dex+5}
  2987 | D:3      | Found Xush's Distillery.
  3080 | D:3      | Found a snail-covered altar of Cheibriados.
  3474 | D:4      | Reached skill level 8 in Axes
  3743 | D:3      | Bought a potion of heal wounds for 60 gold pieces
  4044 | D:5      | Identified the +0 chain mail of Onlij {rF+ Will+ Stlth+}
  4085 | D:5      | Reached skill level 9 in Axes
  4085 | D:5      | Gained mutation: You regenerate health from kills. [demonic
                  | ancestry]
  4085 | D:5      | Reached XP level 8. HP: 55/58 MP: 8/8
  4388 | D:6      | Found a blossoming altar of Fedhas.
  4455 | D:6      | Found the +6 lightning scales {swift, rElec}
  4469 | D:6      | Reached skill level 10 in Axes
  4967 | D:6      | Found a staircase to the Ecumenical Temple.
  4978 | Temple   | Entered the Ecumenical Temple
  5264 | D:6      | Found a hazy altar of Hepliaklqana.
  5356 | D:7      | Reached skill level 11 in Axes
  5358 | D:7      | Reached XP level 9. HP: 53/63 MP: 9/9
  5488 | D:7      | Reached **** piety under Trog
  5579 | D:7      | Found a flagged portal.
  5585 | Bailey   | Entered a bailey
  5653 | Bailey   | Noticed a gargoyle
  5662 | Bailey   | Banished a gargoyle
  5663 | Bailey   | Reached skill level 1 in Evocations
  5908 | Bailey   | Identified the +1 ring mail "Jueheas" {rF- rCorr Int+3}
  6247 | D:7      | Reached skill level 5 in Fighting
  6620 | D:8      | Gained mutation: You are partially covered in large bone
                  | plates. (SH +4) [demonic ancestry]
  6620 | D:8      | Reached XP level 10. HP: 76/76 MP: 10/10
  6621 | D:8      | Reached skill level 12 in Axes
  6816 | D:8      | Reached ***** piety under Trog
  6832 | Abyss:2  | Cast into level 2 of the Abyss (unwielding a weapon of
                  | distortion)
  6872 | Abyss:2  | Found a corrupted altar of Lugonu.
  6875 | Abyss:2  | Found a corrupted altar of Lugonu.
  6897 | Abyss:2  | Noticed a glowing orange brain
  6917 | Abyss:2  | Found a corrupted altar of Lugonu.
  6924 | Abyss:2  | Killed a glowing orange brain
  6981 | Abyss:2  | Noticed a glowing orange brain
  6982 | Abyss:2  | Noticed a starcursed mass
  6983 | Abyss:2  | Noticed a wretched star
  6991 | Abyss:2  | Killed a glowing orange brain
  6995 | Abyss:2  | Noticed a smoke demon
  6999 | Abyss:2  | Killed a starcursed mass
  7004 | Abyss:2  | Killed a starcursed mass
  7007 | D:8      | Escaped the Abyss
  7012 | D:8      | Killed a smoke demon
  7307 | D:8      | Reached skill level 5 in Armour
  7307 | D:8      | Reached skill level 5 in Evocations
  7317 | D:8      | Identified the +1 leather armour "Huergh" {rF+ rC- Regen+}
  7795 | D:3      | Bought an ichor-stained hand axe for 184 gold pieces
  7795 | D:3      | Identified the +1 hand axe "Impbane" {pain, Str+3} (You
                  | bought it in a shop on level 3 of the Dungeon)
  8047 | D:9      | Reached XP level 11. HP: 68/86 MP: 11/11
  8085 | D:9      | Noticed Prince Ribbit
  8092 | D:9      | Killed Prince Ribbit
  8128 | D:9      | Received a gift from Trog
  8421 | D:9      | Identified the +6 whip "Dadghe Mucrao" {pain, rF+ Str+2
                  | Int+4}
  8443 | D:9      | Noticed a two-headed ogre
  8451 | D:9      | Killed a two-headed ogre
  8701 | D:10     | Entered Level 10 of the Dungeon
  8701 | D:10     | Noticed Joseph
  8717 | D:10     | Killed Joseph
  8871 | D:10     | Noticed a two-headed ogre
  8880 | D:10     | Killed a two-headed ogre
  8987 | D:10     | Found a staircase to the Orcish Mines.
  8988 | D:10     | Identified the +10 rapier of Fedhas, Changing {freeze, rC-
                  | rCorr Str+2}
  9177 | D:10     | Found an ancient bone altar of Kikubaaqudgha.
  9365 | D:10     | Found a stormy altar of Qazlal.
  9451 | D:10     | Found a broken altar of Ashenzari.
  9451 | D:10     | Found a faded altar of an unknown god.
  9459 | D:10     | Found a radiant altar of Vehumet.
  9461 | D:10     | Found an ornate altar of the Wu Jian Council.
  9463 | D:10     | Found a faded altar of an unknown god.
  9540 | D:11     | Noticed a brown ugly thing
  9541 | D:11     | Noticed Sonja
  9553 | D:10     | Killed a brown ugly thing
  9587 | D:11     | Noticed Erica
  9597 | D:11     | Reached skill level 10 in Fighting
  9598 | D:11     | Killed Erica
  9599 | D:11     | Reached skill level 13 in Axes
  9605 | D:11     | Noticed a two-headed ogre
  9686 | D:11     | Noticed a soul eater
  9688 | D:11     | Killed a two-headed ogre
  9705 | D:10     | Gained mutation: Your demonic aura sometimes causes spilled
                  | blood to erupt in flames. [demonic ancestry]
  9705 | D:10     | Reached XP level 12. HP: 53/94 MP: 12/12
  9762 | Abyss:2  | Cast into level 2 of the Abyss (Sonja)
  9873 | Abyss:2  | HP: 5/148 [raiju (8)]
  9873 | Abyss:2  | Slain by a raiju

Illustrated notes

Levels and vault maps discovered:
D:1:      dpeg_arrival_shrine, layout_loops_ring, serial_shops,
          nicolae_shop_bloodbath_and_beyond, nicolae_shop_advertising_works
          [nicolae_subvault_shop_adworks], shop
D:2:      layout_loops_ring, minmay_close_crescents, uniq_terence,
          uniq_crazy_yiuf_cottage, uniq_robin
D:3:      layout_loops_cross, chei_slow_surprise, serial_shops, shop,
          nicolae_shop_industrial_runoff, nicolae_shop_trees,
          hellmonk_ecumenical_altar_pennies_from_heaven
D:4:      layout_basic, nicolae_half_adder
D:5:      layout_loops_ring
D:6:      layout_loops_corners, kennysheep_little_box,
          mainiacjoe_overflow_cross_hatched, nicolae_overflow_crystal_walls,
          minmay_temple_entry_wispy, minmay_fountain_box, minmay_circle_x
D:7:      layout_basic, enter_bailey_2
D:8:      layout_loops_cross, elyvilon_altar_3, special_room [special_room_orc]
D:9:      layout_basic, uniq_prince_ribbit1
D:10:     layout_cave_pools, marbit_many_paths,
          mainiacjoe_overflow_tiny_flanked, chequers_temple_overflow_minitemple,
          david_orc_3, uniq_joseph
D:11:     layout_rooms, lair_entry_dummy, uniq_sonja, uniq_erica
Temple:   nicolae_temple_ecumenical_triangle
Abyss:2:  base: D:2, minivault_25_ag, base:
D:3

Skill      XL: |  1  2  3  4  5  6  7  8  9 10 11 12 |
---------------+-------------------------------------+-----
Axes           | 3 4 5 6 7 9 11 12 13 | 13.1
Armour         | 3 5 6 |  6.7
Evocations     | 3 5 6 7 |  7.0
Fighting       | 5 8 10 | 10.6
Dodging        | |  1.7

Action                     |  1- 3 |  4- 6 |  7- 9 | 10-12 || total
---------------------------+-------+-------+-------+-------++-------
  Melee: Hand axe          |    73 |    70 |    57 |   103 ||   303
         Kick              |     5 |    24 |    72 |   108 ||   209
         Punch             |     1 |     1 |     3 |     5 ||    10
         War axe           |       |       |   214 |    36 ||   250
         Broad axe         |       |       |       |   170 ||   170
 Invoke: Berserk           |     1 |     5 |     5 |    11 ||    22
         Trog's Hand       |       |     1 |       |     1 ||     2
         Brothers in Arms  |       |       |       |     1 ||     1
    Use: Scroll            |       |       |     7 |     5 ||    12
         Potion            |       |       |       |     2 ||     2
 Armour: Animal skin       |     7 |       |       |       ||     7
         Plate armour      |    20 |    37 |    60 |       ||   117
         Ring mail         |     1 |       |       |       ||     1
         Chain mail        |       |       |    83 |   141 ||   224
  Dodge: Dodged            |    43 |    23 |   100 |   129 ||   295
  Block: Other             |       |       |       |    41 ||    41

Table legend: (Time is in decaauts)
 A = Elapsed time spent in this place.
 B = Non-inter-level travel time spent in this place.
 C = Inter-level travel time spent in this place.
 D = Time resting spent in this place.
 E = Time spent auto-exploring this place.
 F = Levels seen in this place.
 G = Mean time per level.
                   A        B        C        D        E       F      G
               +--------+--------+--------+--------+--------+-----+--------+
         Total |  10046 |   9367 |    679 |   1670 |   5846 |  15 |  669.7 |
       Dungeon |   9253 |   8576 |    677 |   1434 |   5617 |  11 |  841.2 |
        Temple |     36 |     34 |      2 |      0 |     30 |   1 |   36.0 |
         Abyss |    300 |    300 |      0 |    138 |      0 |   2 |  150.0 |
        Bailey |    455 |    455 |      0 |     97 |    199 |   1 |  455.0 |
               +--------+--------+--------+--------+--------+-----+--------+

Top non-repeatable levels by time:
     D:6: 1612 daAuts
     D:8: 1072 daAuts
    D:10: 1038 daAuts
     D:1: 870 daAuts
     D:2: 820 daAuts
     D:3: 799 daAuts
     D:9: 778 daAuts
     D:7: 765 daAuts
     D:4: 736 daAuts
     D:5: 699 daAuts
  Bailey: 455 daAuts
 Abyss:2: 300 daAuts
    D:11: 59 daAuts
  Temple: 36 daAuts
